[Event "Titled Tuesday Blitz November 08 Early 2022"]
[White "Swiercz, Dariusz"]
[Black "Goltsev, Dmitry"]
[WhiteFideId "1126881"]
[BlackFideId "24176710"]
[WhiteElo "2627"]
[BlackElo "2289"]
[Result "1-0"]
[Round "07"]
[TimeControl "180+1"]
[Date "2022.11.08"]
[WhiteClock "0:01:42"]
[BlackClock "0:01:45"]

1. Nf3 d5 2. g3 c6 3. Bg2 Nf6 4. O-O g6 5. c4 Bg7 6. cxd5 cxd5 7. d4 O-O 8. Nc3 Nc6 9. Ne5 e6 10. Nxc6 bxc6 11. Bf4 Nd7 12. Rc1 e5 13. dxe5 Nxe5 14. Na4 Bd7 15. b3 g5 16. Be3 f5 17. Bd4 f4 18. Nc5 Bg4 19. Bxe5 Bxe5 20. Nd3 Bd6 21. Rxc6 fxg3 22. hxg3 d4 23. Qd2 Qe7 24. Rxd6 Qxd6 25. Qxg5+ Qg6 26. Qxg6+ hxg6 27. Bxa8 Rxa8 28. f3 Bf5 29. Rd1 Rc8 30. Ne1 Rd8 31. g4 Bc8 32. Nc2 Ba6 33. Kf2 d3 34. Nb4 d2 35. Nxa6 Kg7 36. Nc5 Kf6 37. Rxd2 Rc8 38. b4 a5 39. Ne4+ Ke5 40. bxa5 g5 41. Nxg5 Rc1 42. a6 Kf4 43. Nh3+ Ke5 44. a7 Rc8 45. Rd7 Ra8 46. Rb7 Ke6 47. Nf4+ Kd6 48. a4 Kc6 49. Rh7 Kb6 50. Kg3 Ka5 51. e4 Rg8 52. Nd5 Ka6 53. a8=Q+ 1-0


[Site "https://www.chess.com"]

[Event "Titled Tuesday Blitz November 08 Early 2022"]
[White "Taboas Rodriguez, Daniel"]
[Black "Guimaraes, Wagner Peixoto"]
[WhiteFideId "2208466"]
[BlackFideId "2100940"]
[WhiteElo "2329"]
[BlackElo "2231"]
[Result "1-0"]
[Round "07"]
[TimeControl "180+1"]
[Date "2022.11.09"]
[WhiteClock "0:01:32"]
[BlackClock "0:00:38"]

1. d4 Nf6 2. Nf3 g6 3. c4 Bg7 4. Nc3 d5 5. cxd5 Nxd5 6. e4 Nxc3 7. bxc3 O-O 8. Be2 c5 9. O-O cxd4 10. cxd4 Nc6 11. Be3 Bg4 12. d5 Bxf3 13. Bxf3 Ne5 14. Be2 e6 15. f4 Nd7 16. Rc1 exd5 17. Qxd5 Nf6 18. Qxd8 Rfxd8 19. e5 Nd5 20. Bd2 Bf8 21. Bf3 Nb4 22. Bxb4 Bxb4 23. Bxb7 Rab8 24. Bf3 Bd2 25. Rc4 Be3+ 26. Kh1 Rb2 27. a4 Rdd2 28. h4 h5 29. Kh2 a5 30. Kg3 Bf2+ 31. Kh3 Be3 32. Re1 Bf2 33. Ra1 Be3 34. Re4 Bd4 35. Rc1 Bb6 36. e6 fxe6 37. Rxe6 Kf7 38. Rcc6 Rb1 39. Rxb6 Rh1+ 40. Kg3 1-0


[Site "https://www.chess.com"]

[Event "Titled Tuesday Blitz November 08 Early 2022"]
[White "Tari, Aryan"]
[Black "Shipov, Sergei"]
[WhiteFideId "1510045"]
[BlackFideId "4113624"]
[WhiteElo "2612"]
[BlackElo "2796"]
[Result "1-0"]
[Round "07"]
[TimeControl "180+1"]
[Date "2022.11.08"]
[WhiteClock "0:00:07"]
[BlackClock "0:00:24"]

1. e4 e6 2. d4 d5 3. Nc3 Bb4 4. e5 c5 5. Bd2 Ne7 6. a3 Bxc3 7. Bxc3 b6 8. f4 O-O 9. Nf3 Ba6 10. Bxa6 Nxa6 11. O-O Nb8 12. b4 Nf5 13. Qd3 Nc6 14. bxc5 bxc5 15. dxc5 Qe7 16. Qb5 Rfc8 17. Rab1 h6 18. Kh1 Rab8 19. Qd3 Qxc5 20. Bd2 Ncd4 21. Nxd4 Qxd4 22. Rxb8 Rxb8 23. g4 Qxd3 24. cxd3 Nd4 25. Be3 Nc2 26. Bxa7 Rb3 27. a4 Rxd3 28. a5 Ra3 29. Bb6 h5 30. Rc1 Ra2 31. gxh5 d4 32. a6 Rxa6 33. Rxc2 Rxb6 34. Rc8+ Kh7 35. Rd8 Kh6 36. Rh8# 1-0


[Site "https://www.chess.com"]

[Event "Titled Tuesday Blitz November 08 Early 2022"]
[White "Tasev, Dejan"]
[Black "Ahn, Hongjin"]
[WhiteFideId "936618"]
[BlackFideId "13201492"]
[WhiteElo "2256"]
[BlackElo "2182"]
[Result "1-0"]
[Round "07"]
[TimeControl "180+1"]
[Date "2022.11.09"]
[WhiteClock "0:00:19"]
[BlackClock "0:01:14"]

1. e4 c5 2. Nf3 Nc6 3. Nc3 e6 4. d4 cxd4 5. Nxd4 a6 6. Be2 Nf6 7. O-O Qc7 8. Be3 Be7 9. f4 d6 10. Kh1 O-O 11. Bf3 Bd7 12. Qe1 Nxd4 13. Bxd4 Bc6 14. Qg3 Kh8 15. Rad1 Ne8 16. e5 Bxf3 17. Rxf3 d5 18. f5 exf5 19. Rxf5 Rd8 20. Rdf1 Bc5 21. Ne2 Bxd4 22. Nxd4 Qc4 23. c3 Nc7 24. b3 Qc5 25. Rxf7 Rg8 26. Nf5 Ne6 27. Ne7 Rge8 28. Nf5 Rf8 29. Nxg7 Rxf7 30. Rxf7 Rg8 31. Nxe6 Rxg3 32. Nxc5 Rxc3 33. h3 Rxc5 34. e6 Kg8 35. Rxb7 Rc1+ 36. Kh2 Re1 37. Rd7 Rxe6 38. Rxd5 Re2 39. Ra5 Re6 40. b4 Kg7 41. a3 h6 42. a4 Rb6 43. b5 axb5 44. axb5 Kf8 45. Kg3 Kf7 46. Kf4 Ke7 47. Ke5 Rg6 48. g4 h5 49. Kf5 Rg8 50. g5 h4 51. Ra7+ Kd6 52. g6 Kc5 53. Rb7 Rf8+ 54. Kg5 Rf3 55. Kxh4 Rf4+ 56. Kg5 Rf3 57. h4 Rg3+ 58. Kh6 Rg4 59. h5 1-0


[Site "https://www.chess.com"]

[Event "Titled Tuesday Blitz November 08 Early 2022"]
[White "Tate, Alan"]
[Black "Winkels, Marcel"]
[WhiteFideId "2401878"]
[BlackFideId "1003887"]
[WhiteElo "2179"]
[BlackElo "1900"]
[Result "1-0"]
[Round "07"]
[TimeControl "180+1"]
[Date "2022.11.09"]
[WhiteClock "0:00:03"]
[BlackClock "0:00:07"]

1. e4 c5 2. Nf3 Nf6 3. e5 Nd5 4. Nc3 e6 5. Nxd5 exd5 6. d4 Nc6 7. Bd3 cxd4 8. O-O Bc5 9. Re1 h6 10. a3 a5 11. Qd2 O-O 12. Qf4 d6 13. Qg3 dxe5 14. Bxh6 Qf6 15. Bg5 Qd6 16. Nxe5 Nxe5 17. Rxe5 f6 18. Bh6 Qc7 19. Qg6 fxe5 20. Qh7+ Kf7 21. Qxg7+ Ke6 22. Qxc7 Bd6 23. Qh7 Rf7 24. Qg6+ Ke7 25. Bg5+ Ke8 26. Bb5+ Kf8 27. Qxd6+ Kg7 28. Qh6+ Kg8 29. Qg6+ Rg7 30. Qe8+ Kh7 31. Qxe5 Bd7 32. Bxd7 Rxd7 33. Qf5+ Kh8 34. Qxd7 Rf8 35. Bh6 Rf7 36. Qxf7 d3 37. cxd3 d4 38. b4 axb4 39. axb4 b5 40. Ra8# 1-0


[Site "https://www.chess.com"]

[Event "Titled Tuesday Blitz November 08 Early 2022"]
[White "Ter-Sahakyan, Samvel"]
[Black "Bacrot, Etienne"]
[WhiteFideId "13302531"]
[BlackFideId "605506"]
[WhiteElo "2584"]
[BlackElo "2666"]
[Result "1/2-1/2"]
[Round "07"]
[TimeControl "180+1"]
[Date "2022.11.08"]
[WhiteClock "0:00:06"]
[BlackClock "0:00:06"]

1. d4 Nf6 2. c4 e6 3. Nf3 Bb4+ 4. Bd2 a5 5. a3 Bxd2+ 6. Qxd2 d5 7. Nc3 O-O 8. e3 b6 9. Rc1 Bb7 10. cxd5 exd5 11. Bd3 Nbd7 12. O-O c5 13. a4 Qe7 14. Rfd1 Rfd8 15. Bb5 Nf8 16. Ne5 Ng6 17. f4 Rac8 18. h3 Ne4 19. Nxe4 dxe4 20. Qf2 cxd4 21. Rxc8 Rxc8 22. Nxg6 hxg6 23. Rxd4 Bc6 24. Qc2 Bd7 25. Qxe4 Qxe4 26. Rxe4 Bxb5 27. axb5 Rc2 28. b4 axb4 29. Rxb4 Rc5 30. Kf2 g5 31. Kf3 gxf4 32. Kxf4 f6 33. h4 Kf7 34. g4 g5+ 35. hxg5 Rxg5 36. e4 Rc5 37. Rb1 Ke6 38. Rb2 Kf7 39. Ke3 Kg6 40. Kd4 Kg5 41. Ke3 Kxg4 42. Rg2+ Kh5 43. Kf4 Rxb5 44. Rg8 Re5 45. Rg1 b5 46. Rb1 Kg6 47. Ke3 f5 48. Kd3 fxe4+ 49. Kd4 Kf6 50. Rf1+ Ke6 51. Rh1 Rd5+ 52. Kxe4 Kd6 53. Rc1 b4 54. Rc4 Rb5 55. Kd3 b3 56. Rc1 b2 57. Rb1 Kc5 58. Kc2 Kc4 59. Rxb2 Rxb2+ 60. Kxb2 1/2-1/2


[Site "https://www.chess.com"]

[Event "Titled Tuesday Blitz November 08 Early 2022"]
[White "Terry, Renato"]
[Black "Nouri, Alekhine"]
[WhiteFideId "3803457"]
[BlackFideId "5216184"]
[WhiteElo "2577"]
[BlackElo "2151"]
[Result "0-1"]
[Round "07"]
[TimeControl "180+1"]
[Date "2022.11.08"]
[WhiteClock "0:00:02"]
[BlackClock "0:01:32"]

1. e4 c5 2. Nf3 d6 3. Bb5+ Nd7 4. d4 cxd4 5. Qxd4 a6 6. Bxd7+ Bxd7 7. Bg5 h6 8. Bh4 Rc8 9. O-O Qc7 10. e5 e6 11. Nbd2 d5 12. Nb3 Ne7 13. Bxe7 Bxe7 14. c3 O-O 15. a3 Bb5 16. Rfe1 Bc4 17. Nfd2 b5 18. Re3 a5 19. Rg3 a4 20. Nc1 Bc5 21. Qf4 Kh8 22. Nf3 f6 23. Qg4 fxe5 24. Qxe6 Rce8 25. Qg6 e4 26. Nd4 Bxd4 27. cxd4 e3 28. f3 e2 29. Nxe2 Rxe2 30. Rd1 Qe7 31. Kh1 Re1+ 0-1


[Site "https://www.chess.com"]

[Event "Titled Tuesday Blitz November 08 Early 2022"]
[White "Terzi, Alexei"]
[Black "Tifferet, Shaked"]
[WhiteFideId "13505076"]
[BlackFideId "2811529"]
[WhiteElo "2172"]
[BlackElo "2142"]
[Result "0-1"]
[Round "07"]
[TimeControl "180+1"]
[Date "2022.11.09"]
[WhiteClock "0:00:09"]
[BlackClock "0:00:51"]

1. e4 c5 2. Nc3 b6 3. f4 Bb7 4. Nf3 Nf6 5. e5 Nd5 6. Bc4 Nxf4 7. O-O e6 8. d3 Ng6 9. Qd2 Be7 10. Qe2 Nc6 11. Nb5 O-O 12. c3 a6 13. Nd6 Bxd6 14. exd6 b5 15. Bb3 Qb8 16. Ng5 Qxd6 17. Qh5 h6 18. Nxf7 Rxf7 19. Rxf7 Kxf7 20. Be3 Qxd3 21. Bxc5 Ne5 22. Rd1 Qe4 23. Rf1+ Kg8 24. Rf2 Nf4 25. Qd1 Nh3+ 26. gxh3 Qh1# 0-1


[Site "https://www.chess.com"]

[Event "Titled Tuesday Blitz November 08 Early 2022"]
[White "Thiel, Thomas"]
[Black "Garic, Radomir"]
[WhiteFideId "4615964"]
[BlackFideId "920959"]
[WhiteElo "2219"]
[BlackElo "2227"]
[Result "0-1"]
[Round "07"]
[TimeControl "180+1"]
[Date "2022.11.09"]
[WhiteClock "0:00:36"]
[BlackClock "0:00:19"]

1. e4 c5 2. Nc3 Nc6 3. Bb5 e5 4. Nge2 Nge7 5. Nd5 a6 6. Bxc6 dxc6 7. Ne3 Ng6 8. O-O Be7 9. d3 Bg5 10. Ng3 Nf4 11. Nc4 Qe7 12. Nf5 Bxf5 13. exf5 b5 14. Na5 Qc7 15. Nb3 c4 16. dxc4 Rd8 17. Qg4 f6 18. cxb5 cxb5 19. Bxf4 Bxf4 20. c3 O-O 21. g3 Bg5 22. a4 Rb8 23. axb5 Rxb5 24. Ra3 Qb6 25. Qa4 Rb8 26. Na5 Qd6 27. b4 Qd3 28. Rd1 Qf3 29. Qb3+ Kh8 30. Ra4 Be3 31. Rf1 Rd5 32. c4 Rd3 33. Qc2 Rd2 34. Qb1 Bxf2+ 0-1


[Site "https://www.chess.com"]

[Event "Titled Tuesday Blitz November 08 Early 2022"]
[White "Timofeev, Artyom"]
[Black "Avramidou, Anastasia"]
[WhiteFideId "4140419"]
[BlackFideId "4239873"]
[WhiteElo "2586"]
[BlackElo "2221"]
[Result "1-0"]
[Round "07"]
[TimeControl "180+1"]
[Date "2022.11.09"]
[WhiteClock "0:00:48"]
[BlackClock "0:00:02"]

1. e4 e6 2. Qe2 e5 3. g3 Nc6 4. Bg2 Bc5 5. c3 d6 6. Nf3 Nge7 7. O-O O-O 8. b4 Bb6 9. b5 Nb8 10. d4 Nd7 11. Be3 Ng6 12. Nbd2 Re8 13. a4 a6 14. a5 Ba7 15. bxa6 bxa6 16. Qd3 h6 17. h4 Ngf8 18. Rfe1 Ne6 19. Nc4 f6 20. Rad1 Qe7 21. h5 Ndf8 22. Nh4 Qf7 23. Bf3 Ng5 24. Bxg5 hxg5 25. Nf5 Be6 26. Nce3 Kh8 27. Kg2 Nh7 28. Rb1 Rab8 29. Qxa6 Rxb1 30. Rxb1 exd4 31. cxd4 Bb8 32. Qd3 c6 33. a6 d5 34. exd5 cxd5 35. Rb7 Bd7 36. Bxd5 Qxh5 37. Rxd7 g4 38. Nh4 1-0


[Site "https://www.chess.com"]

[Event "Titled Tuesday Blitz November 08 Early 2022"]
[White "Tleptsok, Ruslan"]
[Black "Urazayev, Arystanbek"]
[WhiteFideId "24104485"]
[BlackFideId "13709810"]
[WhiteElo "2130"]
[BlackElo "2441"]
[Result "1-0"]
[Round "07"]
[TimeControl "180+1"]
[Date "2022.11.09"]
[WhiteClock "0:00:52"]
[BlackClock "0:00:10"]

1. e4 c6 2. d4 d5 3. f3 e6 4. Nc3 Nf6 5. Be3 Bb4 6. a3 Bxc3+ 7. bxc3 dxe4 8. fxe4 Nxe4 9. Qg4 Qa5 10. Ne2 Qf5 11. Qxg7 Qf6 12. Qg4 Qg6 13. Qf3 e5 14. dxe5 Bg4 15. Qf4 Nd7 16. O-O-O Bxe2 17. Bxe2 Nxc3 18. Bg4 Rd8 19. Rd6 Nd5 20. Rxd5 cxd5 21. Bf5 Qa6 22. Rf1 Qxa3+ 23. Kd1 Rf8 24. Rf3 Qa1+ 25. Bc1 Nc5 26. Qb4 b6 27. Ra3 a5 28. Qb5+ Ke7 29. Rxa1 1-0


[Site "https://www.chess.com"]

[Event "Titled Tuesday Blitz November 08 Early 2022"]
[White "Tokhirjonova, Gulrukhbegim"]
[Black "Stribuk, Artiom"]
[WhiteFideId "14203626"]
[BlackFideId "13515659"]
[WhiteElo "2236"]
[BlackElo "2371"]
[Result "0-1"]
[Round "07"]
[TimeControl "180+1"]
[Date "2022.11.09"]
[WhiteClock "0:00:21"]
[BlackClock "0:00:13"]

1. e4 c5 2. Nf3 Nc6 3. Bb5 e6 4. O-O Nge7 5. Re1 a6 6. Bf1 b6 7. d4 cxd4 8. Nxd4 Nxd4 9. Qxd4 Qc7 10. c4 Nc6 11. Qd3 h5 12. Nc3 Ne5 13. Qh3 Bd6 14. f4 Ng4 15. Nd1 Bxf4 16. Bxf4 Qxf4 17. Bd3 Bb7 18. Rf1 Qg5 19. Nc3 Qc5+ 20. Kh1 Nf2+ 21. Rxf2 Qxf2 22. Rf1 Qd4 23. Qf3 O-O-O 24. Na4 f5 25. Qe2 Bc6 26. Nc3 fxe4 27. Bxe4 Rhf8 28. Rd1 Qf2 29. Qd3 Qc5 30. h3 a5 31. a3 d5 32. cxd5 exd5 33. Bf3 Kb7 34. b4 axb4 35. axb4 Qc4 36. b5 Qxd3 37. bxc6+ Kxc6 38. Rxd3 Kc5 39. Nxd5 Rxf3 40. Rxf3 Rxd5 41. Rf7 g6 42. g4 hxg4 43. hxg4 b5 44. Kg2 b4 45. Rb7 g5 46. Kf3 Re5 47. Rb8 Kc4 48. Rc8+ Kd3 49. Rb8 Kc3 50. Rc8+ Kb2 51. Rf8 b3 52. Rb8 Kc2 53. Rc8+ Kb1 54. Rb8 b2 55. Kf2 Ra5 56. Ke3 Ka1 0-1


[Site "https://www.chess.com"]

[Event "Titled Tuesday Blitz November 08 Early 2022"]
[White "Tuncer, Tuna"]
[Black "Pourkashiyan, Atousa"]
[WhiteFideId "6349269"]
[BlackFideId "12502014"]
[WhiteElo "2216"]
[BlackElo "2247"]
[Result "1-0"]
[Round "07"]
[TimeControl "180+1"]
[Date "2022.11.09"]
[WhiteClock "0:00:03"]
[BlackClock "0:00:08"]

1. d4 Nf6 2. Bf4 d5 3. e3 c5 4. Nf3 Nc6 5. Nbd2 e6 6. c3 Bd6 7. Bg3 O-O 8. Bd3 b6 9. e4 dxe4 10. Nxe4 Nxe4 11. Bxe4 Bb7 12. Qa4 Rc8 13. Rd1 Bxg3 14. hxg3 f5 15. dxc5 Qe7 16. Bc2 Qxc5 17. O-O Na5 18. Rfe1 Nc4 19. b4 b5 20. bxc5 bxa4 21. Rxe6 Rxc5 22. Bxa4 Nb2 23. Bb3 Kh8 24. Rd7 Bc8 25. Red6 Bxd7 26. Rxd7 Rxc3 27. Ng5 h6 28. Nf7+ Kh7 29. Ne5 Re8 30. f4 Rxg3 31. Bf7 Na4 32. Bxe8 Nc5 33. Re7 Ne4 34. Bd7 Rc3 35. Bxf5+ Kg8 36. Bxe4 Rc1+ 37. Kh2 Re1 38. Re8# 1-0


[Site "https://www.chess.com"]

[Event "Titled Tuesday Blitz November 08 Early 2022"]
[White "Turzo, Attila"]
[Black "Sibilio, Mario"]
[WhiteFideId "704954"]
[BlackFideId "800422"]
[WhiteElo "2519"]
[BlackElo "2251"]
[Result "0-1"]
[Round "07"]
[TimeControl "180+1"]
[Date "2022.11.09"]
[WhiteClock "0:00:04"]
[BlackClock "0:00:20"]

1. d4 Nf6 2. c4 e6 3. Nf3 Bb4+ 4. Bd2 Qe7 5. e3 O-O 6. Bd3 b6 7. O-O Bxd2 8. Qxd2 Bb7 9. Nc3 d6 10. Ng5 h6 11. Nge4 Nxe4 12. Nxe4 f5 13. Nc3 Nd7 14. e4 f4 15. b4 e5 16. d5 f3 17. g3 a5 18. a3 Nf6 19. Rfc1 Bc8 20. Bf1 Qf7 21. c5 Qh5 22. cxd6 Bh3 23. Qe1 Ng4 24. Bc4 Nxh2 25. d7 Bg2 26. d6+ Kh8 27. dxc7 Ng4 0-1


[Site "https://www.chess.com"]

[Event "Titled Tuesday Blitz November 08 Early 2022"]
[White "Valle Maytin, Luis Enrique"]
[Black "Rustemov, Alexander"]
[WhiteFideId "3503666"]
[BlackFideId "4119002"]
[WhiteElo "2225"]
[BlackElo "2655"]
[Result "0-1"]
[Round "07"]
[TimeControl "180+1"]
[Date "2022.11.09"]
[WhiteClock "0:00:54"]
[BlackClock "0:00:59"]

1. e4 e6 2. d4 d5 3. Bd3 dxe4 4. Bxe4 Nf6 5. Bf3 Nbd7 6. Ne2 Bd6 7. O-O O-O 8. c3 e5 9. g3 Re8 10. Bg2 Nf8 11. dxe5 Bxe5 12. Be3 Bg4 13. Qc2 Qc8 14. Nf4 Ng6 15. Nxg6 hxg6 16. Nd2 Bh3 17. Nf3 Bxg2 18. Kxg2 Bd6 19. Bd4 Ne4 20. Rfe1 Qf5 21. Nh4 Qd5 22. Nf3 Ng5 23. Qd3 c5 24. c4 Qxf3+ 25. Qxf3 Nxf3 26. Kxf3 cxd4 27. Red1 Bc5 28. b4 Bxb4 29. Rab1 Bc3 30. Rxb7 Rec8 31. Ke4 Rxc4 32. Kd3 Ra4 33. Rd7 Rxa2 34. Rb1 Rxf2 35. Rbb7 a5 36. h4 a4 37. g4 a3 38. h5 gxh5 39. g5 g6 0-1


[Site "https://www.chess.com"]

[Event "Titled Tuesday Blitz November 08 Early 2022"]
[White "Vidruska, Renate"]
[Black "Bongo Akanga Ndjila, Barthelemy"]
[WhiteFideId "11601841"]
[BlackFideId "10609431"]
[WhiteElo "1877"]
[BlackElo "1768"]
[Result "0-1"]
[Round "07"]
[TimeControl "180+1"]
[Date "2022.11.09"]
[WhiteClock "0:00:21"]
[BlackClock "0:00:23"]

1. e4 c6 2. d4 d5 3. Nc3 g6 4. e5 Bg7 5. Nf3 Bg4 6. h3 Bxf3 7. Qxf3 f6 8. Bf4 fxe5 9. dxe5 Nd7 10. e6 Nc5 11. Qe2 Qc8 12. O-O-O Qxe6 13. Qxe6 Nxe6 14. Bd2 O-O-O 15. Bd3 Nc5 16. Be2 e5 17. h4 d4 18. Nb1 e4 19. Bg4+ Kc7 20. Bf4+ Kb6 21. Na3 d3 22. Nc4+ Kb5 23. Nd6+ Ka6 24. Nf7 Nf6 25. Bh3 Nh5 26. Be3 Na4 27. Nxd8 Bxb2+ 28. Kb1 Rxd8 29. cxd3 exd3 30. g4 Ng7 31. Bf1 b5 32. Bxd3 Bf6 33. Kc2 c5 34. g5 Be7 35. Bxb5+ Kxb5 36. Rxd8 Bxd8 37. Rb1+ Kc6 38. Rd1 Ba5 39. Kb3 Nb6 40. Rd8 Nf5 41. Rh8 Nxh4 42. Rxh7 Nf5 43. Rh8 Nxe3 44. fxe3 Bd2 45. Rf8 Bxe3 46. Rf6+ Kd5 47. Rxg6 c4+ 48. Kc2 Nd7 49. Rg7 Ne5 50. Rc7 Bxg5 51. Rxa7 Nc6 52. Rd7+ Kc5 53. Rh7 Nb4+ 54. Kb1 c3 55. a3 c2+ 56. Kb2 c1=Q+ 57. Kb3 Qc2# 0-1


[Site "https://www.chess.com"]

[Event "Titled Tuesday Blitz November 08 Early 2022"]
[White "Vlassov, Nikolai"]
[Black "Gabrielian, Artur"]
[WhiteFideId "4103360"]
[BlackFideId "4131002"]
[WhiteElo "2324"]
[BlackElo "2432"]
[Result "1/2-1/2"]
[Round "07"]
[TimeControl "180+1"]
[Date "2022.11.09"]
[WhiteClock "0:00:18"]
[BlackClock "0:00:11"]

1. e4 c5 2. c3 Nf6 3. e5 Nd5 4. d4 d6 5. c4 Nb6 6. dxc5 dxc5 7. Qxd8+ Kxd8 8. Nc3 Bf5 9. Nf3 Nc6 10. Bg5 h6 11. O-O-O+ Ke8 12. Be3 e6 13. Nb5 Rc8 14. Be2 Be7 15. Nd6+ Bxd6 16. Rxd6 Be4 17. Bxc5 Nd7 18. Ba3 Ndxe5 19. Nxe5 Nxe5 20. b3 Rd8 21. f3 Bc6 22. Rhd1 Rxd6 23. Bxd6 f6 24. Bxe5 fxe5 25. Kb2 Ke7 26. Kc3 e4 27. b4 exf3 28. gxf3 Rf8 29. Rd3 b6 30. b5 Bb7 31. a4 Rf5 32. a5 bxa5 33. Kd4 a6 34. Ra3 axb5 35. Rxa5 bxc4 36. Ra7 Rd5+ 37. Kxc4 Rd7 38. Kc5 Bd5 39. Rxd7+ Kxd7 40. f4 Ke7 41. Kd4 Kf6 42. Bd3 Bf3 43. Ke3 Bg4 44. h4 Bf5 45. Be2 Kg6 46. Bd1 Kf6 47. Be2 Bg6 48. Bg4 Bf7 49. Bh3 g6 50. Kf3 Be8 51. Kg3 Bc6 52. Bg4 Bd5 53. Bh3 Be4 54. Bg4 Bf5 55. Bf3 Ke7 56. Be2 Kd6 57. Bd1 Kc5 58. Be2 Kd4 59. Bf3 Ke3 60. Bc6 Be4 61. Bd7 Bf5 62. Bc6 Kd4 63. Be8 Kd5 64. Ba4 Ke4 65. Bc6+ Ke3 66. Bb7 Be4 67. Bc8 Bd5 68. Bd7 Ke4 69. Be8 Kf5 70. Ba4 Be4 71. Bb5 Kf6 72. Bc4 Bd5 73. Bd3 Bc6 74. Bc4 Be8 75. Bd3 Ke7 76. Be4 Kd6 77. Bc2 Kc5 78. Bb1 Kd4 79. Bc2 Ke3 80. Bb1 Bf7 81. Bc2 Kd2 82. Bb1 Be8 83. Be4 Kc3 84. Bb1 Kd4 85. Bc2 e5 86. fxe5 Kxe5 87. Bb1 Kf6 88. Bc2 Bd7 89. Bb3 Bf5 90. Bc4 Ke5 91. Be2 Kd4 92. Bf3 Ke3 93. Bd1 Be4 94. Bb3 Bf5 95. Bd5 Be4 96. Be6 Bf5 97. Bf7 Be4 98. Bg8 Bf5 99. Bf7 Be4 100. Bg8 Bf5 101. Bf7 1/2-1/2


[Site "https://www.chess.com"]

[Event "Titled Tuesday Blitz November 08 Early 2022"]
[White "Wagner, Dennis"]
[Black "Deac, Bogdan-Daniel"]
[WhiteFideId "24650684"]
[BlackFideId "1226380"]
[WhiteElo "2470"]
[BlackElo "2648"]
[Result "0-1"]
[Round "07"]
[TimeControl "180+1"]
[Date "2022.11.08"]
[WhiteClock "0:00:09"]
[BlackClock "0:00:05"]

1. e4 c6 2. d4 d5 3. e5 Bf5 4. Nf3 e6 5. Be2 c5 6. Be3 cxd4 7. Nxd4 Ne7 8. Bb5+ Nbc6 9. O-O a6 10. Bxc6+ Nxc6 11. Nxf5 exf5 12. Bd4 Be7 13. c3 O-O 14. Qd3 g6 15. Nd2 Nxd4 16. Qxd4 Rc8 17. Rfd1 Bc5 18. Qd3 Qb6 19. Rf1 Rfe8 20. b4 Bf8 21. Qxd5 Rxc3 22. Nc4 Qb5 23. Qxb5 axb5 24. Nd6 Rxe5 25. Nxb7 Bxb4 26. Rab1 Bf8 27. Na5 b4 28. Nb3 Re2 29. g3 Rxa2 30. Kg2 h5 31. h4 Kg7 32. Nd4 Bc5 33. Nb3 Bb6 34. Nc1 Ra4 35. Rd1 Rc4 36. Rd2 Bd4 37. Nd3 Bc3 38. Re2 Rd4 39. Nf4 Re4 40. Kf3 Rxe2 41. Nxe2 Ra3 42. Kg2 Ra2 43. Nxc3 bxc3 44. Rb3 Rc2 45. Rb7 Rc1 46. Rc7 f4 47. gxf4 c2 48. Kf3 Kf6 49. Rc5 Ke6 50. Rc7 Kd6 51. Rc8 Kd5 52. Rd8+ Kc4 53. Rc8+ Kd3 54. Rd8+ Kc3 55. Rc8+ Kd2 56. Rd8+ Ke1 57. Rc8 Kf1 58. Kg3 Ke2 59. Kg2 Kd3 60. Rd8+ Ke4 61. Rc8 Kxf4 62. Rc7 Ke5 63. Rc8 Kd6 64. Rc3 f6 65. Rc4 Kd5 66. Rc8 Ke5 67. Rc7 Kf5 68. Rc5+ Ke4 69. Rc8 f5 70. Rc7 f4 71. f3+ Kd3 72. Rd7+ Kc4 73. Rc7+ Kd5 74. Rd7+ Ke6 75. Rc7 Kf6 76. Rc8 Ke6 77. Rc7 Kd5 78. Rc8 Kd6 79. Rc3 Kd5 80. Rc8 Kd4 81. Rc7 Kd3 82. Rd7+ Kc4 83. Rc7+ Kb3 84. Rb7+ Ka4 85. Rc7 Kb4 86. Rc8 Kb3 87. Rb8+ Kc4 88. Rc8+ Kd5 89. Rd8+ Ke6 90. Rc8 g5 91. hxg5 Kf5 92. Rc5+ Kg6 93. Kh2 h4 94. Kg2 h3+ 95. Kh2 Kh5 96. Rc6 Kxg5 97. Rc5+ Kf6 98. Rc6+ Ke5 99. Rc8 Kd4 100. Rd8+ Ke3 101. Re8+ Kxf3 102. Re1 Rd1 0-1


[Site "https://www.chess.com"]

[Event "Titled Tuesday Blitz November 08 Early 2022"]
[White "Weetik, Vjacheslav"]
[Black "Grandelius, Nils"]
[WhiteFideId "4153472"]
[BlackFideId "1710400"]
[WhiteElo "2469"]
[BlackElo "2617"]
[Result "1-0"]
[Round "07"]
[TimeControl "180+1"]
[Date "2022.11.09"]
[WhiteClock "0:00:06"]
[BlackClock "0:00:06"]

1. d4 f5 2. g3 Nf6 3. Bg2 g6 4. c3 Bg7 5. Qb3 Nc6 6. Nd2 e5 7. dxe5 Nxe5 8. Ngf3 Nf7 9. Nc4 d5 10. Nce5 Nd6 11. Bf4 Qe7 12. O-O O-O 13. Rad1 Kh8 14. Qa3 Be6 15. Nd4 Bg8 16. Nd3 Rfd8 17. Bg5 c6 18. h4 h6 19. Bc1 Nfe4 20. Nf4 Bf7 21. Rfe1 Qf6 22. Nf3 Re8 23. Qa4 Nc4 24. Qc2 g5 25. hxg5 hxg5 26. Nd3 Bh6 27. b3 Ncd6 28. c4 Kg8 29. Bb2 Qg6 30. Nde5 Qh5 31. Nxf7 Qxf7 32. cxd5 cxd5 33. Qd3 Rad8 34. Qxd5 Qxd5 35. Rxd5 Nxf2 36. Rxd6 Rxd6 37. Kxf2 g4 38. Nh4 Be3+ 39. Kf1 Rd7 40. Bf6 Re6 41. Bc3 Kh7 42. Rb1 Kh6 43. Ke1 Kg5 44. Bf1 f4 45. Ng2 Kf5 46. gxf4 Bxf4 47. Nxf4 Kxf4 48. Kf2 g3+ 49. Kg2 Kg4 50. Rc1 Rf7 51. Be1 Re4 52. Rc3 Ref4 53. Rxg3+ Kh5 54. Rf3 Kg6 55. Rxf4 Rxf4 56. e3 Rf5 57. Bd3 Kg5 58. Bxf5 Kxf5 59. Kf3 Ke5 60. e4 Ke6 61. Kf4 1-0


[Site "https://www.chess.com"]

[Event "Titled Tuesday Blitz November 08 Early 2022"]
[White "Wieczorek, Oskar"]
[Black "Harsha Bharathakoti"]
[WhiteFideId "1133950"]
[BlackFideId "5078776"]
[WhiteElo "2404"]
[BlackElo "2523"]
[Result "1-0"]
[Round "07"]
[TimeControl "180+1"]
[Date "2022.11.08"]
[WhiteClock "0:00:13"]
[BlackClock "0:00:10"]

1. e4 c5 2. Nf3 Nc6 3. b4 cxb4 4. d4 d5 5. exd5 Qxd5 6. c4 bxc3 7. Nxc3 Qa5 8. Rb1 e6 9. Bd2 Nf6 10. Ne4 Qxa2 11. Nxf6+ gxf6 12. Bb5 Bd7 13. O-O Be7 14. Ba4 Qd5 15. Rxb7 O-O 16. Bb3 Qd6 17. Bh6 Rfb8 18. Rxb8+ Rxb8 19. Ba4 Kh8 20. Qd2 Rd8 21. Bc2 Nb4 22. Bb1 Bc6 23. Bf4 Qd7 24. Bg3 a5 25. Qh6 f5 26. Be5+ f6 27. Ng5 1-0


[Site "https://www.chess.com"]

[Event "Titled Tuesday Blitz November 08 Early 2022"]
[White "Xiong, Jeffery"]
[Black "Firouzja, Alireza"]
[WhiteFideId "2047640"]
[BlackFideId "12573981"]
[WhiteElo "2725"]
[BlackElo "2903"]
[Result "0-1"]
[Round "07"]
[TimeControl "180+1"]
[Date "2022.11.08"]
[WhiteClock "0:00:01"]
[BlackClock "0:00:04"]

1. d4 Nf6 2. g4 Nxg4 3. e4 d5 4. Be2 Nf6 5. e5 Ng8 6. c4 Nc6 7. Nc3 dxc4 8. Be3 Bf5 9. Bxc4 e6 10. Nge2 Bb4 11. Rg1 Bg6 12. a3 Ba5 13. Qb3 Bb6 14. O-O-O Nge7 15. Nf4 O-O 16. Bxe6 Nxd4 17. Bxd4 Bxd4 18. Nb5 Nc6 19. Nxg6 hxg6 20. Rxg6 Qh4 21. Bd5 Bxe5 22. Kb1 Rad8 23. Rgg1 Kh8 24. Rd3 Na5 25. Rh3 Nxb3 26. Rxh4+ Kg8 27. Bxb3 Rd2 28. Nc3 Rxf2 29. Bc2 g6 30. Bb3 Kg7 31. Rh3 Rxh2 32. Rf3 f5 33. Rgf1 c6 34. Re1 Bf6 35. Nd1 Rd8 36. Bc2 Rdd2 37. Ne3 Bd4 38. Nf1 Rxc2 39. Nxh2 Rxb2+ 40. Kc1 Rxh2 41. Re7+ Kf6 42. Rxb7 g5 43. Rc7 c5 44. Rb3 g4 45. Rc8 Kg5 46. Rg8+ Kf4 47. Kd1 Be3 48. Re8 Bd4 49. Ke1 g3 50. Rg8 g2 0-1


[Site "https://www.chess.com"]

[Event "Titled Tuesday Blitz November 08 Early 2022"]
[White "Yeremyan, Alen"]
[Black "Safin, Robert"]
[WhiteFideId "13308998"]
[BlackFideId "34189120"]
[WhiteElo "2159"]
[BlackElo "2253"]
[Result "1-0"]
[Round "07"]
[TimeControl "180+1"]
[Date "2022.11.09"]
[WhiteClock "0:02:32"]
[BlackClock "0:01:46"]

1. c4 e5 2. Nc3 Nc6 3. Nf3 g6 4. e3 Bg7 5. d4 exd4 6. exd4 d6 7. Be2 Nf6 8. h3 O-O 9. O-O Re8 10. Be3 Bf5 11. Re1 Ne4 12. Nxe4 Bxe4 13. Qd2 d5 14. c5 Qf6 15. Rad1 Bxf3 16. Bxf3 Nxd4 17. Bxd4 Rxe1+ 18. Qxe1 1-0


[Site "https://www.chess.com"]